Map: Proxima Station LE

Players

BLY

  • Race: Zerg Zerg
  • Spawn Location: 7:00

Lambo - Winner!

  • Race: Zerg Zerg
  • Spawn Location: 1:00

Event: WCS Austin 2017

VOD

Have the link to the VOD?

Description

Time

  • Played on: April 28, 2017, 5:25 p.m.
  • Length: 8:44

All games in this series

Show
View Real Time Build Order
Export as new Build Order

BLY Zerg 

Build Orders: Pool First 

Get SALT Encoding   

  12  0:01  Drone  
  13  0:11  Drone  
  14  0:14  Extractor  
  13  0:28  Spawning Pool  
  12  0:32  Drone  
  13  0:36  Drone  
  14  0:45  Drone, Extractor  
  15  0:53  Overlord  
  15  1:14  Queen  
  15  1:15  Zergling x2  
  18  1:19  Metabolic Boost  
  18  1:23  Zergling x2  
  19  1:27  Zergling x2  
  20  1:40  Zergling x2  
  21  1:52  Hatchery  
  20  1:56  Zergling x2  
  21  2:03  Overlord  
  21  2:08  Zergling x2  
  22  2:23  Zergling x2  
  22  2:24  Zergling x6  
  22  2:25  Zergling x2  
  27  2:36  Queen  
  29  2:44  Overlord  
  29  2:50  Drone  
  29  3:13  Drone x4  
  29  3:15  Drone  
  34  3:23  Drone  
  30  3:38  Zergling x10  
  30  3:40  Drone  
  31  3:54  Queen x2  
  35  3:59  Overlord  
  35  4:00  Zergling x2  
  35  4:01  Zergling x2  
  37  4:10  Baneling Nest  
  37  4:15  Drone x3  
  34  4:31  Zergling x10  
  37  4:43  Drone x4  
  41  4:48  Drone  
  38  5:05  Drone x3  
  41  5:07  Drone  
  41  5:13  Hatchery  
  41  5:21  Queen  
  43  5:27  Drone  
  43  5:28  Drone x2  
  46  5:32  Overlord, Baneling x2  
  46  5:36  Zergling x4  
  46  5:39  Extractor  
  46  5:41  Drone x4  
  51  5:45  Drone  
  51  5:49  Baneling x2  
  52  5:52  Drone x3  
  52  5:56  Drone  
  54  6:14  Zergling x4  
  54  6:16  Drone x2  
  54  6:18  Lair  
  57  6:21  Queen  
  54  6:29  Extractor x2  
  54  6:31  Zergling x8  
  56  6:39  Drone x3  
  55  6:44  Drone  
  55  6:47  Roach Warren  
  57  6:48  Drone x4  
  57  6:53  Drone  
  62  6:56  Drone  
  62  6:57  Drone  
  62  6:58  Drone x2  
  64  7:02  Overlord  
  64  7:05  Spine Crawler  
  64  7:06  Drone  
  64  7:08  Drone  
  65  7:14  Overlord  
  65  7:15  Drone  
  66  7:16  Overlord  
  66  7:18  Spire  
  66  7:22  Overseer  
  65  7:32  Drone x2  
  65  7:33  Extractor  
  66  7:41  Drone x5  
  66  7:42  Drone x3  
  66  7:43  Extractor  
  73  7:45  Evolution Chamber  
  72  7:55  Roach  
  72  7:56  Roach x8  
  89  8:03  Baneling  
  89  8:04  Overlord, Baneling x7  
  89  8:06  Overlord  
  89  8:12  Overlord  
Show
View Real Time Build Order
Export as new Build Order

Lambo Zerg - Winner!

Build Orders: Hatch First 

Get SALT Encoding   

  12  0:00  Drone  
  13  0:12  Overlord  
  13  0:17  Drone  
  14  0:30  Drone x2  
  14  0:34  Drone  
  17  0:51  Hatchery  
  17  0:55  Drone  
  17  0:57  Drone  
  18  1:09  Extractor  
  17  1:12  Spawning Pool  
  17  1:15  Drone  
  17  1:19  Drone  
  18  1:28  Drone  
  19  1:39  Overlord  
  19  1:49  Drone  
  20  1:59  Queen  
  20  2:01  Zergling x2  
  23  2:04  Queen  
  23  2:05  Drone  
  26  2:09  Metabolic Boost  
  26  2:12  Drone  
  27  2:16  Zergling x2  
  27  2:22  Drone  
  29  2:28  Baneling Nest  
  28  2:30  Drone  
  29  2:37  Zergling x2  
  29  2:43  Zergling x2, Spine Crawler  
  29  2:44  Zergling x2  
  31  2:50  Zergling x2  
  32  2:55  Zergling x2  
  34  2:58  Zergling x2  
  34  3:07  Zergling x2  
  34  3:10  Zergling x2  
  34  3:12  Baneling x3  
  36  3:13  Baneling  
  36  3:24  Zergling x6  
  34  3:31  Zergling x6  
  35  3:39  Drone x2  
  36  3:56  Overlord  
  36  4:04  Extractor  
  36  4:05  Zergling x2  
  36  4:14  Drone  
  36  4:18  Drone x6  
  36  4:19  Drone x2  
  36  4:21  Hatchery  
  43  4:29  Drone  
  43  4:35  Baneling x2  
  43  4:36  Overlord  
  43  4:43  Queen  
  43  4:47  Drone  
  43  4:50  Zergling x2  
  44  4:53  Overlord  
  44  4:55  Roach Warren  
  44  4:59  Zergling x4  
  44  5:00  Zergling x4  
  44  5:05  Baneling x2  
  43  5:09  Zergling x4  
  43  5:10  Zergling x2  
  46  5:14  Baneling x2  
  46  5:15  Drone x3  
  46  5:17  Drone  
  46  5:20  Drone x2  
  52  5:26  Drone  
  53  5:30  Drone  
  53  5:33  Evolution Chamber  
  53  5:36  Lair, Drone x2  
  53  5:40  Drone, Extractor  
  55  5:46  Overlord, Extractor  
  55  5:47  Drone  
  55  5:48  Drone  
  56  5:52  Drone x2  
  56  5:55  Drone  
  56  5:56  Drone  
  60  6:03  Drone x2  
  60  6:04  Drone  
  61  6:16  Roach x3  
  61  6:17  Drone  
  61  6:18  Drone x3  
  70  6:22  Drone  
  70  6:25  Roach x2  
  74  6:26  Extractor  
  74  6:29  Overlord  
  73  6:38  Zergling x6, Roach x2  
  73  6:44  Overlord, Zerg Missile Weapons Level 1  
  73  6:46  Overlord  
  73  6:51  Overlord  
  73  6:52  Drone x3  
  76  6:56  Glial Reconstitution  
  76  6:57  Drone x3  
  79  7:03  Overlord  
  79  7:04  Roach x3  
  85  7:09  Roach x2  
  85  7:14  Overlord  
  85  7:15  Roach x3  
  95  7:20  Roach  
  95  7:21  Roach  
  99  7:24  Overlord  
  99  7:25  Roach x2  
  99  7:28  Overlord  
  103  7:31  Roach  
  103  7:32  Roach  
  103  7:33  Overlord  
  103  7:36  Roach  
  109  7:37  Unknown  
  109  7:44  Roach x4  
  109  7:50  Roach x3  
  123  7:55  Roach x3  
  129  8:00  Overlord  
  129  8:01  Roach  
  129  8:02  Roach  
  133  8:06  Roach x2  
  133  8:10  Roach x2  
  140  8:15  Roach x3  
  144  8:23  Roach x2  
  144  8:24  Roach  
Tags
 
Add a new tag
Caveats
  • Supply blocks, unpowered buildings, or Contaminate may cause inaccurate times.
  • Supply counts are checked every 10 seconds.